 Dungeon Crawl Stone Soup version 0.20.1-1-g8b1a95d (webtiles) character file.

23 tidbits the Magician (level 2, 0/24 HPs)
             Began as a Demigod Wanderer on Aug 22, 2017.
             Slain by an adder (3 damage)
             ... on level 2 of the Dungeon.
             The game lasted 00:02:36 (285 turns).

tidbits the Magician (Demigod Wanderer)              Turns: 285, Time: 00:02:37

Health: 0/24       AC:  8    Str: 19    XL:     2   Next: 54%
Magic:  8/8        EV:  7    Int: 18    God:
Gold:   18         SH:  0    Dex: 14    Spells: 6/6 levels left

rFire    . . .     SeeInvis .   n - +0 short sword
rCold    . . .     Gourm    .   (no shield)
rNeg     . . .     Faith    .   g - +0 chain mail (curse)
rPois    .         Spirit   .   (no helmet)
rElec    .         Reflect  .   (no cloak)
rCorr    .         Harm     .   (no gloves)
MR       .....                  (no boots)
Stlth    ..........             (no amulet)
Regen    0.1/turn               (no ring)
MPRegen  0.2/turn               (no ring)

@: mighty
A: high mp 1
a: no special abilities


You were on level 2 of the Dungeon.
You were not hungry.

You visited 1 branch of the dungeon, and saw 2 of its levels.

You collected 18 gold pieces.

Inventory:

Hand Weapons
 e - a +0 club
 n - a +0 short sword (weapon)
Armour
 d - a +0 robe
 g - a cursed +0 chain mail (worn)
 l - +0 acid dragon scales
Scrolls
 c - 2 scrolls of teleportation
Potions
 j - a potion of curing {unknown}
 k - a potion of lignification {unknown}
 m - a potion of flight {unknown}
Books
 a - a book of Minor Magic

   Spells                             Type                      Level
   a - Magic Dart                     Conjuration                  1
   b - Blink                          Translocation                2
   c - Call Imp                       Summoning                    2
   d - Slow                           Hexes                        2
   e - Conjure Flame                  Conjuration/Fire             3
   f - Mephitic Cloud                 Conjuration/Poison/Air       3
 b - the Volume of Confrontation

   Spells                             Type                      Level
   a - Flame Tongue                   Conjuration/Fire             1
   b - Mephitic Cloud                 Conjuration/Poison/Air       3
Comestibles
 f - 2 bread rations
 i - 2 royal jellies


   Skills:
 + Level 2.2 Fighting
 - Level 1.0 Maces & Flails
 - Level 1.0 Throwing
 - Level 1.7 Armour
 - Level 2.6 Spellcasting
   Level 1.7 Ice Magic
   Level 1.0 Evocations


You had 6 spell levels left.
You didn't know any spells.

Dungeon Overview and Level Annotations

Branches:
Dungeon (2/15)


Innate Abilities, Weirdness & Mutations

You have an increased reservoir of magic. (+10% MP)


Message History

Found a silvery potion.
m - a silvery potion A kobold comes into view.
It is wielding a short sword.
The kobold shouts!
The kobold throws a stone.
The stone closely misses you.
You see here a stone.
The kobold throws a stone.
The stone hits you but does no damage.
You see here a stone.
The kobold throws a stone.
The stone hits you but does no damage.
You see here a stone.
The kobold throws a stone.
The stone hits you but does no damage.
You see here a stone.
The kobold throws a stone.
The stone hits you but does no damage.
You see here a stone.
The kobold barely misses you.
You closely miss the kobold. The kobold hits you but does no damage.
You closely miss the kobold. The kobold hits you but does no damage.
You closely miss the kobold. The kobold hits you with a short sword.
The kobold hits you but does no damage.
You closely miss the kobold. The kobold completely misses you.
You barely miss the kobold. The kobold hits you but does no damage.
You miss the kobold. The kobold hits you but does no damage.
You hit the kobold but do no damage.
The kobold hits you but does no damage. x2
You barely miss the kobold. The kobold hits you with a short sword.
You miss the kobold. The kobold hits you but does no damage.
You hit the kobold but do no damage. The kobold hits you with a short sword.
You closely miss the kobold. The kobold barely misses you.
The kobold hits you but does no damage.
Your chain mail prevents you from hitting the kobold.
The kobold hits you with a short sword.
You barely miss the kobold. The kobold barely misses you.
You hit the kobold but do no damage. The kobold hits you but does no damage.
You hit the kobold but do no damage. The kobold hits you but does no damage.
You hit the kobold.
You kill the kobold!
You see here a short sword.
You see here a short sword.
n - a short sword Wield which item (- for none, * to show all)? (? for menu, Esc to quit)
n - a +0 short sword (weapon)
Found an escape hatch in the floor.
There is a stone staircase leading down here.
You climb downwards.
An adder and a kobold come into view.
The adder hisses angrily.
The kobold shouts!
You hear a shout!
Found 13 gold pieces.
There is a stone staircase leading up here.
It was a potion of might.
You feel very mighty all of a sudden.
You closely miss the kobold. The kobold hits you but does no damage.
You closely miss the kobold. The kobold hits you but does no damage.
The adder bites you but does no damage.
A hobgoblin comes into view. It is wielding a club.
You barely miss the adder. The adder barely misses you.
The kobold barely misses you.
You puncture the adder!
The adder is almost dead.
The adder bites you. The kobold barely misses you.
A hobgoblin comes into view. It is wielding a club.
You closely miss the adder.
The adder is almost dead.
The hobgoblin shouts!
The adder bites you.
* * * LOW HITPOINT WARNING * * *
The kobold hits you but does no damage. The adder barely misses you.
You hit the adder.
You kill the adder!
Your Fighting skill increases to level 2!
The kobold barely misses you.
You hit the kobold.
You kill the kobold!
An adder comes into view.
You closely miss the hobgoblin.
The adder hisses angrily.
The hobgoblin closely misses you.
You puncture the hobgoblin!
You kill the hobgoblin!
A hobgoblin comes into view. It is wielding a club.
You see here a club.
The hobgoblin shouts!
The adder bites you.
* * * LOW HITPOINT WARNING * * *
The adder bites you but does no damage.
You hit the adder.
The adder is moderately wounded.
The adder bites you but does no damage. The hobgoblin barely misses you.
You hit the adder.
The adder is heavily wounded.
The adder bites you.
* * * LOW HITPOINT WARNING * * *
The hobgoblin hits you but does no damage.
The adder bites you but does no damage.
You barely miss the adder.
The adder is heavily wounded.
The adder bites you but does no damage. The hobgoblin hits you with a club.
* * * LOW HITPOINT WARNING * * *
You hit the adder.
The adder is almost dead.
The adder bites you.
You die...

...
...
#.#.#
#.#.#
#.#.#
#g#g#
#S#.#
#@#.#
#g#.##
#.<..#
###†.#
..#
#.# ..
.## #


You could see an adder and 2 hobgoblins.

Vanquished Creatures
  An adder (D:2)
  A bat (D:1)
  2 giant cockroaches (D:1)
  2 goblins (D:1)
  2 hobgoblins
  4 kobolds
12 creatures vanquished.

Notes
Turn   | Place    | Note
-------+----------+-------------------------------------------
     0 | D:1      | tidbits the Demigod Wanderer began the quest for the Orb.
     0 | D:1      | tidbits set off with: a book of Minor Magic, the Volume of Confrontation, a scroll of teleportation, a +0 robe, a +0 club, a bread ration
     0 | D:1      | Reached XP level 1. HP: 14/14 MP: 6/6
     0 | D:1      | Identified the Volume of Confrontation
    87 | D:1      | Reached skill level 1 in Fighting
   181 | D:1      | Reached XP level 2. HP: 15/23 MP: 8/8
   275 | D:2      | Reached skill level 2 in Fighting
   285 | D:2      | Slain by an adder

Skill      XL: |  1  2 |
---------------+-------+-----
Fighting       | 1 2 |  2.2
Maces & Flails | |  1.0
Throwing       | |  1.0
Armour         | |  1.7
Spellcasting   | |  2.6
Ice Magic      | |  1.7
Evocations     | |  1.0

Action                   || total
-------------------------++-------
Melee: Club              ||    55
       Short sword       ||    13
  Use: Scroll            ||     1
       Potion            ||     1
Armor: Chain mail        ||    34
       Robe              ||     1
Dodge: Dodged            ||    30

Table legend:
 A = Turns spent in this place as a percentage of turns spent in the entire game.
 B = Non-inter-level travel turns spent in this place as a percentage of non-inter-level travel turns spent in the entire game.
 C = Inter-level travel turns spent in this place as a percentage of turns spent in this place.
 D = Turns resting spent in this place as a percentage of non-inter-level travel turns spent in this place.
 E = Turns spent auto-exploring this place as a percentage of non-inter-level travel turns spent in this place.
 F = Non-inter-level travel turns spent in this place divided by the number of levels of this place that you've seen.
                   A       B       C       D       E      F
               +-------+-------+-------+-------+-------+----------------------
         Total | 100.0 | 100.0 |   0.0 |   0.0 |   0.0 | 130.0
       Dungeon | 100.0 | 100.0 |   0.0 |   0.0 |   0.0 | 130.0
               +-------+-------+-------+-------+-------+----------------------

Table legend:
 A = Kills in this place as a percentage of kills in entire the game.
 B = Kills by you in this place as a percentage of kills by you in the entire game.
 C = Kills by friends in this place as a percentage of kills by friends in the entire game.
 D = Other kills in this place as a percentage of other kills in the entire game.
 E = Experience gained in this place as a percentage of experience gained in the entire game.
 F = Experience gained in this place divided by the number of levels of this place that you have seen.
                   A       B       C       D       E      F
               +-------+-------+-------+-------+-------+----------------------
         Total | 100.0 | 100.0 |  -nan |  -nan | 100.0 |  16.5
       Dungeon | 100.0 | 100.0 |  -nan |  -nan | 100.0 |  16.5
               +-------+-------+-------+-------+-------+----------------------

Vault maps used:
D:1:      scummos_arrival_simple_fountains, amethyst_killhole
D:2:      lemuel_zombie_altar_yredelemnul, grunt_gozag_statues,
          lemuel_crystal_altar, nemelex_lonely_heart_becter, uniq_terence
